 Dungeon Crawl Stone Soup version 0.26.1-11-gd32895ea62 (webtiles) character file.

Game seed: 11963147766797512821

99 mankey1987 the Cudgeller (level 4, -4/48 HPs)
             Began as an Ogre Berserker on May 28, 2021.
             Was a Believer of Trog.
             Slain by an orc priest
             ... wielding a +0 flail of protection
              (6 damage)
             ... on level 3 of the Dungeon.
             The game lasted 00:02:46 (3288 turns).

mankey1987 the Cudgeller (Ogre Berserker)           Turns: 3288, Time: 00:02:46

Health: -4/48      AC:  3    Str: 22    XL:     4   Next: 72%
Magic:  4/4        EV: 10    Int:  8    God:    Trog [**....]
Gold:   163        SH:  0    Dex:  8    Spells: 3/3 levels left

rFire    . . .     SeeInvis .   a - +0 mace
rCold    . . .     Faith    .   (no shield)
rNeg     . . .     Spirit   .   b - +0 animal skin
rPois    .         Reflect  .   (helmet restricted)
rElec    .         Harm     .   (no cloak)
rCorr    .         Rampage  .   (gloves unavailable)
Will     ++...                  (boots unavailable)
Stlth    +.........             (no amulet)
HPRegen  1.16/turn              (no ring)
MPRegen  0.09/turn              (no ring)

@: berserk cooldown, regenerating, slowed, very slow
A: large, unfitting armour, tough skin 1
a: Renounce Religion, Berserk, Trog's Hand


You were on level 3 of the Dungeon.
You worshipped Trog.
Trog was pleased with you.
You visited 1 branch of the dungeon, and saw 3 of its levels.

You collected 163 gold pieces.

Inventory:

Hand Weapons
 a - a +0 mace (weapon)
Armour
 b - a +0 animal skin (worn)
Scrolls
 d - 2 scrolls of amnesia {unknown}
 f - 3 scrolls of teleportation {unknown}
 h - a scroll of magic mapping {unknown}
 j - 2 scrolls of enchant weapon {unknown}
 k - 4 scrolls of identify {unknown}
 n - a scroll of noise {unknown}
 o - a scroll of fear {unknown}
 p - 3 scrolls of fog {unknown}
 q - a scroll of remove curse {unknown}
 r - a scroll of immolation {unknown}
Potions
 c - a potion of might {unknown}
 e - 2 potions of mutation {unknown}
 g - a potion of haste {unknown}
 l - a potion of degeneration {unknown}
 m - 2 potions of heal wounds {unknown}
 s - 2 potions of invisibility {unknown}
 t - a potion of berserk rage {unknown}


   Skills:
 - Level 4.0 Fighting
 * Level 4.2 Maces & Flails
 + Level 3.5 Dodging


You had 3 spell levels left.
You didn't know any spells.
Your spell library was empty.

Dungeon Overview and Level Annotations

Branches:
Dungeon (3/15)

Altars:
Elyvilon
Trog


Innate Abilities, Weirdness & Mutations

You are too large for most types of armour.
You have tough skin. (AC +1)


Message History

The orc closely misses you.
You feel better. The orc barely misses you. The orc priest barely misses you.
The orc hits you with a +0 falchion.
* * * LOW HITPOINT WARNING * * *
The orc hits you.
* * * LOW HITPOINT WARNING * * *
You feel better. The orc priest barely misses you.
The orc hits you with a +0 falchion.
* * * LOW HITPOINT WARNING * * *
The orc hits you.
* * * LOW HITPOINT WARNING * * *
You closely miss the orc priest.
The orc priest is almost dead.
The orc hits you but does no damage. The orc priest closely misses you.
The orc hits you.
* * * LOW HITPOINT WARNING * * *
The orc misses you. The orc hits you.
* * * LOW HITPOINT WARNING * * *
The orc priest hits you with a +0 flail of protection.
You die...

.......####.........####...##.#
###.#.## ##.......## ##.###.#
#.### ##.....## ### #.# #.#
##...## ..# #.# ##'## .## #.#
#.# . #.# #.# #. #.# ##.## #.#
#.o@# ......oo.# ####....##
#.#.## #.... #####


You could see an orc priest and 2 orcs.

Vanquished Creatures
  2 adders (D:2)
  6 dart slugs
  4 leopard geckos
  An orc (D:2)
  5 giant cockroaches
  12 goblins
  A hobgoblin (D:2)
  3 jackals (D:3)
  4 quokkas
  6 bats
  2 frilled lizards
  5 kobolds
  11 rats
62 creatures vanquished.

Notes
Turn   | Place    | Note
-------+----------+-------------------------------------------
     0 | D:1      | mankey1987 the Ogre Berserker began the quest for the Orb.
     0 | D:1      | Reached XP level 1. HP: 24/24 MP: 1/1
   309 | D:1      | Reached XP level 2. HP: 32/32 MP: 2/2
   765 | D:1      | Reached XP level 3. HP: 33/39 MP: 3/3
  1028 | D:1      | Reached ** piety under Trog
  1578 | D:2      | Reached XP level 4. HP: 23/48 MP: 4/4
  2328 | D:2      | Found a bloodstained altar of Trog.
  2522 | D:2      | Found a white marble altar of Elyvilon.
  3286 | D:3      | HP: 2/48 [orc (5)]
  3288 | D:3      | Slain by an orc priest

Illustrated notes

Levels and vault maps discovered:
D:1:      wheals_arrival_shading, layout_loops_corners, minmay_split_cup_small
D:2:      layout_basic, elyvilon_altar_3, serial_park_tiny_2,
          trog_butcher_becter
D:3:      layout_loops_corners, hex_tiny

Skill      XL: |  1  2  3 |
---------------+----------+-----
Maces & Flails | 3 4 |  4.2
Dodging        | 3 |  3.5
Fighting       | |  4.0

Action                   |  1- 3 |  4- 6 || total
-------------------------+-------+-------++-------
Melee: Mace              |    97 |   100 ||   197
Invok: Berserk           |     1 |     1 ||     2
       Trog's Hand       |       |     1 ||     1
  Use: Potion            |       |     2 ||     2
 Stab: Sleeping          |       |     1 ||     1
Armor: Animal skin       |    32 |    37 ||    69
Dodge: Dodged            |    52 |    98 ||   150
